AoeStats
← TM Caesar

Arena

508489217Analyzed
1v1 RM · 10d ago on Sep 22, 2026· 27m 53s· 2 players
Game mode
Random Map
Map size
Tiny (2 player)
Population
200
Speed
Normal
Resources
Standard
Victory
Conquest
Starting age
Dark Age
Ending age
Imperial Age
RankedLock teamsTeams togetherTeam positionsShared explorationLock speedFull tech treeHidden civsTurbo modeCheats
Victory
Defeat
🇦🇷 Random · Argentina
1637
+14
🇨🇦 Random · Canada
1598
-14
Trollexander_the_Great
11:02 Feudal Age
10:01 Loom
10:03 Loom
14:58 Castle Age
14:28 Double-Bit Axe
24:27 Wheelbarrow
TM Caesar
10:33 Feudal Age
14:51 Castle Age
13:08 Double-Bit Axe
13:24 Horse Collar
17:18 Wheelbarrow
18:28 Fletching
21:36 Bodkin Arrow
27:26 Imperial Age
25:46 Loom
26:14 Gold Mining
27:12 Forging
27:28 Hand Cart
27:34 Bow Saw
Connection lost

Rejoining the realm…

Still unreachable

The connection could not be restored.

Session expired

The server has moved on; the page needs a fresh start.